 Dungeon Crawl Stone Soup version 0.28.0-53-g5a82cb258f (webtiles) character file.

Game seed: 9496349231075600540

224 Gabide the Skirmisher (level 6, 0/48 HPs)
             Began as a Barachi Monk on Aug 24, 2022.
             Slain by Edmund
             ... wielding a +2 vorpal dire flail
              (6 damage)
             ... on level 4 of the Dungeon.
             The game lasted 00:07:30 (2847 turns).

Gabide the Skirmisher (Barachi Monk)                Turns: 2847, Time: 00:07:30

Health: 0/48       AC: 17    Str: 13    XL:     6   Next: 0%
Magic:  9/9        EV:  7    Int: 10    God:
Gold:   49         SH:  0    Dex: 16    Spells: 5/5 levels left

rFire   + + .      SeeInvis .   a - +1 falchion
rCold   . . .      Faith    .   (no shield)
rNeg    . . .      Spirit   .   i - +5 chain mail {rF+}
rPois   .          Reflect  .   (no helmet)
rElec   .          Harm     .   (no cloak)
rCorr   .          Rampage  .   (no gloves)
Will    .....                   (no boots)
Stlth   ..........              (no amulet)
HPRegen 0.16/turn               d - +4 ring of protection
MPRegen 0.11/turn               m - ring of protection from fire

@: unable to hop, slow
A: amphibious, slowness 1, strong legs 1, +LOS
a: Hop


You were on level 4 of the Dungeon.
You visited 1 branch of the dungeon, and saw 4 of its levels.

You collected 49 gold pieces.

Inventory:

Hand Weapons
 a - a +1 falchion (weapon)
 j - a +2 hand axe of distortion
Missiles
 b - 6 javelins
 e - 2 boomerangs
Armour
 i - a +5 chain mail of fire resistance (worn)
Jewellery
 d - a +4 ring of protection (left hand)
 m - a ring of protection from fire (right hand)
Wands
 o - a wand of iceblast (6)
Scrolls
 c - a scroll of magic mapping
 h - a scroll of torment
 k - a scroll of teleportation {unknown}
 l - a scroll of silence {unknown}


   Skills:
 - Level 4.0 Fighting
 - Level 4.0 Long Blades
 - Level 2.0 Armour
 - Level 4.0 Dodging
 + Level 1.8 Stealth
 - Level 4.0 Invocations


You had 5 spell levels left.
You didn't know any spells.
Your spell library was empty.

Dungeon Overview and Level Annotations

Branches:
Dungeon (4/15)
 Temple: D:4-7

Altars:
Makhleb

Annotations:
D:4 Edmund, Sigmund


Innate Abilities, Weirdness & Mutations

You are amphibious.
You cover ground slowly.
You can hop short distances.
You have an extended range of vision and can be seen from far away.


Message History

Unknown command.
Unknown command.
Unknown command.
You aren't carrying any potions.
As you read the scroll labelled JEOJASTR WEMNAE, it crumbles to dust.
It is a scroll of enchant weapon.
Your +0 falchion glows red for a moment.
Okay, then.
You barely miss Edmund. Edmund barely misses you.
You hit Edmund but do no damage.
Edmund hits you with a +2 vorpal dire flail.
You hit Edmund but do no damage.
Edmund hits you with a +2 vorpal dire flail.
You hit Edmund.
Edmund is lightly wounded.
Edmund hits you with a +2 vorpal dire flail!
You hit Edmund.
Edmund is moderately wounded.
Edmund barely misses you.
You closely miss Edmund.
Edmund is moderately wounded.
Edmund hits you with a +2 vorpal dire flail!
You are too injured to fight recklessly!
You are too injured to fight recklessly!
You are too injured to fight recklessly!
You are too injured to fight recklessly!
You are too injured to fight recklessly!
You are too injured to fight recklessly!
You are too injured to fight recklessly!
You are too injured to fight recklessly!
You are too injured to fight recklessly!
You aren't carrying any potions.
Unknown command.
As you read the scroll labelled UDAQIL ONNAWE, it crumbles to dust.
It is a scroll of identify.
h - a scroll of torment Edmund hits you with a +2 vorpal dire flail!
* * * LOW HITPOINT WARNING * * *
x2 Edmund hits you with a +2 vorpal dire flail.
You die...

#.#.# ######.
#.#.# .......
#.#.# .......
###.#.###
.......
#.......#
.......
#.#.#####
....... #.#...
.......
#.######@####.#
.......
#......@.# #
.......
##########
....... .......
....... .......
....... .......


You could see Edmund.

Vanquished Creatures
  A bullfrog (D:2)
  A jelly (D:4)
  Terence (D:3)
  3 adders (D:3)
  A dart slug (D:1)
  8 orcs (D:3)
  4 ball pythons
  6 bats
  6 endoplasms
  5 giant cockroaches
  5 goblins
  4 hobgoblins
  9 kobolds
  3 quokkas
  2 frilled lizards
  6 rats
65 creatures vanquished.

Notes
Turn   | Place    | Note
-------+----------+-------------------------------------------
     0 | D:1      | Gabide the Barachi Monk began the quest for the Orb.
     0 | D:1      | Reached XP level 1. HP: 18/18 MP: 1/1
   110 | D:1      | Reached skill level 1 in Armour
   110 | D:1      | Reached XP level 2. HP: 25/25 MP: 2/2
   716 | D:1      | Found a faded altar of an unknown god.
   738 | D:1      | Reached XP level 3. HP: 30/30 MP: 3/3
  1400 | D:2      | Reached skill level 1 in Invocations
  1698 | D:3      | Noticed a bullfrog
  1715 | D:2      | Killed a bullfrog
  1716 | D:2      | Reached XP level 4. HP: 30/37 MP: 3/5
  1716 | D:2      | Reached XP level 5. HP: 35/42 MP: 3/6
  1956 | D:3      | Noticed Terence
  1993 | D:3      | Killed Terence
  2446 | D:3      | Found a burning altar of Makhleb.
  2692 | D:4      | Reached XP level 6. HP: 34/48 MP: 7/9
  2791 | D:4      | Noticed Sigmund
  2833 | D:4      | Noticed Edmund
  2847 | D:4      | Slain by Edmund

Illustrated notes

Levels and vault maps discovered:
D:1:      lightli_arrival_statuegarden, layout_loops_corners,
          ebering_ecumenical_altar_petrified, chequers_serial_rivers_large_b
D:2:      cheibrodos_helix_gallery, layout_rooms
D:3:      layout_rooms, bloody_makhleb, uniq_terence
D:4:      layout_basic, uniq_edmund, uniq_sigmund

Skill      XL: |  1  2  3  4  5 |
---------------+----------------+-----
Armour         | 1 2 |  2.0
Fighting       | 4 |  4.0
Long Blades    | 4 |  4.0
Invocations    | 2 4 |  4.0
Dodging        | 4 |  4.0
Stealth        | |  1.8

Action                   |  1- 3 |  4- 6 || total
-------------------------+-------+-------++-------
Melee: Falchion          |   150 |   108 ||   258
       Punch             |     5 |     1 ||     6
Throw: Javelin           |       |     1 ||     1
 Abil: Hop               |       |     1 ||     1
Evoke: Wand              |       |     2 ||     2
  Use: Scroll            |     1 |     4 ||     5
       Potion            |       |     2 ||     2
 Stab: Sleeping          |     6 |       ||     6
Armor: Robe              |    18 |       ||    18
       Scale mail        |    28 |    23 ||    51
       Chain mail        |       |    42 ||    42
Dodge: Dodged            |   116 |    48 ||   164
